TOP OF THE 1ST |
Grand Forks Caterpillars batting - Pitching for Provo Mango : RHP Ismael Robey
|
Pitching: RHP Ismael Robey
|
|
Batting: RHB Salvador Esparza
|
0-0: Ball 1-0: DOUBLE (Line Drive, 9LS)
|
Batting: LHB Damian Delaney
|
0-0: Ball 1-0: Swinging Strike 1-1: Swinging Strike 1-2: Strikes out looking
|
Batting: RHB Gianpaolo Monachino
|
0-0: Ball 1-0: Ground out 1-3 (Groundball, 23) Salvador Esparza to third
|
Batting: LHB Júlio Castro
|
0-0: Ball 1-0: SINGLE (Line Drive, 89S) Salvador Esparza scores
|
Batting: LHB Todd Stafford
|
0-0: Called Strike 0-1: Swinging Strike 0-2: Fly out, F5 (Popup, 5F)
|
Top of the 1st over - 1 run(s), 2 hit(s), 0 error(s), 1 left on base; Grand Forks 1 - Provo 0 |
BOTTOM OF THE 1ST |
Provo Mango batting - Pitching for Grand Forks Caterpillars : RHP Enea Dini
|
Pitching: RHP Enea Dini
|
|
Batting: SHB Pedro Vásquez
|
0-0: Called Strike 0-1: Foul Ball, location: 2F 0-2: Ground out 4-3 (Groundball, 4)
|
Batting: RHB Daniel Maldonado
|
0-0: Ball 1-0: Foul Ball, location: 2F 1-1: Ball 2-1: Foul Ball, location: 2F 2-2: Fly out, F8 (Flyball, 8LS)
|
Batting: RHB Pepe Castroneves
|
0-0: Ball 1-0: Called Strike 1-1: Foul Ball, location: 2F 1-2: SOLO HOME RUN (Flyball, 78XD), Distance : 443 ft
|
Batting: RHB Ronald Drumpf
|
0-0: Called Strike 0-1: Ball 1-1: Ball 2-1: Foul Ball, location: 2F 2-2: Foul Ball, location: 2F 2-2: Ball 3-2: Ground out 6-3 (Groundball, 6)
|
Bottom of the 1st over - 1 run(s), 1 hit(s), 0 error(s), 0 left on base; Grand Forks 1 - Provo 1 |
TOP OF THE 2ND |
Grand Forks Caterpillars batting - Pitching for Provo Mango : RHP Ismael Robey
|
Batting: RHB Carlos Romero
|
0-0: Called Strike 0-1: Ball 1-1: Called Strike 1-2: Ball 2-2: Foul Ball, location: 2F 2-2: Foul Ball, location: 2F 2-2: Ground out 5-3 (Groundball, 56)
|
Batting: RHB Nathan Landrum
|
0-0: Called Strike 0-1: Ball 1-1: Ball 2-1: Ball 3-1: DOUBLE (Line Drive, 7LS)
|
Batting: RHB Pedro Torres
|
0-0: Ground out 6-3 (Groundball, 6M) Nathan Landrum to third
|
Batting: LHB Víctor Fortis
|
0-0: Ball 1-0: Ball 2-0: SINGLE (Line Drive, 8LS) Nathan Landrum scores
|
Batting: RHB Salvador Esparza
|
0-0: Ball 1-0: Ball 2-0: Called Strike 2-1: Foul Ball, location: 2F 2-2: Fly out, F9 (Popup, 9S)
|
Top of the 2nd over - 1 run(s), 2 hit(s), 0 error(s), 1 left on base; Grand Forks 2 - Provo 1 |
BOTTOM OF THE 2ND |
Provo Mango batting - Pitching for Grand Forks Caterpillars : RHP Enea Dini
|
Batting: SHB Jesús Herrera
|
0-0: Foul Ball, location: 2F 0-1: Ball 1-1: Ball 2-1: Foul Ball, location: 2F 2-2: Ball 3-2: Fly out, F5 (Popup, 5DF)
|
Batting: RHB Luis Trevino
|
0-0: Ball 1-0: Called Strike 1-1: Bunt - Flyout! F2
|
Batting: RHB Carlos Evangelho
|
0-0: Ball 1-0: Ground out 5-3 (Groundball, 56)
|
Bottom of the 2nd over - 0 run(s), 0 hit(s), 0 error(s), 0 left on base; Grand Forks 2 - Provo 1 |
TOP OF THE 3RD |
Grand Forks Caterpillars batting - Pitching for Provo Mango : RHP Ismael Robey
|
Batting: LHB Damian Delaney
|
0-0: Ground out 4-3 (Groundball, 4)
|
Batting: RHB Gianpaolo Monachino
|
0-0: Ball 1-0: Reached on error, E6 (Groundball, 4MS)
|
Batting: LHB Júlio Castro
|
0-0: Ball 1-0: Foul Ball, location: 2F 1-1: Ball 2-1: Grounds into double play, 4-6-3 (Groundball, 4)
|
Top of the 3rd over - 0 run(s), 0 hit(s), 1 error(s), 0 left on base; Grand Forks 2 - Provo 1 |
BOTTOM OF THE 3RD |
Provo Mango batting - Pitching for Grand Forks Caterpillars : RHP Enea Dini
|
Batting: RHB Frank Grimes
|
0-0: Called Strike 0-1: Swinging Strike 0-2: Ball 1-2: Ball 2-2: Ground out 6-3 (Groundball, 6)
|
Batting: RHB Lionel McCloud
|
0-0: Foul Ball, location: 2F 0-1: Swinging Strike 0-2: Foul Ball, location: 2F 0-2: Strikes out swinging
|
Batting: SHB Pedro Vásquez
|
0-0: Ball 1-0: Called Strike 1-1: Ball 2-1: Ball 3-1: Base on Balls
|
Batting: RHB Daniel Maldonado
|
0-0: Called Strike 0-1: SINGLE (Line Drive, 56D) Pedro Vásquez to second
|
Batting: RHB Pepe Castroneves
|
0-0: Ball 1-0: Ball 2-0: Called Strike 2-1: Ground out 6-3 (Groundball, 6)
|
Bottom of the 3rd over - 0 run(s), 1 hit(s), 0 error(s), 2 left on base; Grand Forks 2 - Provo 1 |
TOP OF THE 4TH |
Grand Forks Caterpillars batting - Pitching for Provo Mango : RHP Ismael Robey
|
Batting: LHB Todd Stafford
|
0-0: Swinging Strike 0-1: Fly out, F7 (Flyball, 7M)
|
Batting: RHB Carlos Romero
|
0-0: Ball 1-0: Ground out 5-3 (Groundball, 5L)
|
Batting: RHB Nathan Landrum
|
0-0: Fly out, F6 (Popup, 4M)
|
Top of the 4th over - 0 run(s), 0 hit(s), 0 error(s), 0 left on base; Grand Forks 2 - Provo 1 |
BOTTOM OF THE 4TH |
Provo Mango batting - Pitching for Grand Forks Caterpillars : RHP Enea Dini
|
Batting: RHB Ronald Drumpf
|
0-0: SINGLE (Groundball, 6MD)
|
Batting: SHB Jesús Herrera
|
0-0: Called Strike 0-1: Foul Ball, location: 2F 0-2: Ball 1-2: Grounds into double play, 4-6-3 (Groundball, 34)
|
Batting: RHB Luis Trevino
|
0-0: Ball 1-0: Called Strike 1-1: Foul Ball, location: 2F 1-2: Strikes out swinging
|
Bottom of the 4th over - 0 run(s), 1 hit(s), 0 error(s), 0 left on base; Grand Forks 2 - Provo 1 |
TOP OF THE 5TH |
Grand Forks Caterpillars batting - Pitching for Provo Mango : RHP Ismael Robey
|
Batting: RHB Pedro Torres
|
0-0: Ball 1-0: Fly out, F9 (Flyball, 9LM)
|
Batting: LHB Víctor Fortis
|
0-0: Called Strike 0-1: Foul Ball, location: 2F 0-2: Ball 1-2: Strikes out looking
|
Batting: RHB Salvador Esparza
|
0-0: Called Strike 0-1: SINGLE (Groundball, 56)
|
Batting: LHB Damian Delaney
|
0-0: Called Strike 0-1: Ball 1-1: 2-RUN HOME RUN (Line Drive, 9D), Distance : 387 ft
|
Batting: RHB Gianpaolo Monachino
|
0-0: Ball 1-0: Foul Ball, location: 2F 1-1: SINGLE (Line Drive, 7LS)
|
Batting: LHB Júlio Castro
|
0-0: Called Strike 0-1: Ball 1-1: Foul Ball, location: 2F 1-2: Ball 2-2: Ball 3-2: Fly out, F3 (Line Drive, 34)
|
Top of the 5th over - 2 run(s), 3 hit(s), 0 error(s), 1 left on base; Grand Forks 4 - Provo 1 |
BOTTOM OF THE 5TH |
Provo Mango batting - Pitching for Grand Forks Caterpillars : RHP Enea Dini
|
Batting: RHB Carlos Evangelho
|
0-0: Ball 1-0: Foul Ball, location: 2F 1-1: Ball 2-1: SINGLE (Line Drive, 56D)
|
Batting: RHB Frank Grimes
|
0-0: Foul Ball, location: 2F 0-1: Bunted foul 0-2: Ball 1-2: Ball 2-2: Fly out, F9 (Flyball, 9M)
|
Batting: RHB Lionel McCloud
|
0-0: Ball 1-0: Foul Ball, location: 2F 1-1: Fielders Choice at 2nd, 6-4 (Groundball, 6MD)
|
Pitching: RHP Luis Villabos
|
|
Batting: SHB Pedro Vásquez
|
0-0: Ball 1-0: Ground out 1-3 (Groundball, 15)
|
Bottom of the 5th over - 0 run(s), 1 hit(s), 0 error(s), 1 left on base; Grand Forks 4 - Provo 1 |
TOP OF THE 6TH |
Grand Forks Caterpillars batting - Pitching for Provo Mango : RHP Ismael Robey
|
Batting: LHB Todd Stafford
|
0-0: Ball 1-0: Ball 2-0: Ball 3-0: Called Strike 3-1: Called Strike 3-2: SINGLE (Line Drive, 6MD)
|
Batting: RHB Carlos Romero
|
0-0: Ball 1-0: Foul Ball, location: 2F 1-1: Foul Ball, location: 2F 1-2: Strikes out looking
|
Batting: RHB Nathan Landrum
|
0-0: Fly out, F7 (Flyball, 78M)
|
Batting: RHB Pedro Torres
|
0-0: Ball 1-0: Ball 2-0: Swinging Strike 2-1: Foul Ball, location: 2F 2-2: Strikes out swinging
|
Top of the 6th over - 0 run(s), 1 hit(s), 0 error(s), 1 left on base; Grand Forks 4 - Provo 1 |
BOTTOM OF THE 6TH |
Provo Mango batting - Pitching for Grand Forks Caterpillars : RHP Luis Villabos
|
Batting: RHB Daniel Maldonado
|
0-0: Ball 1-0: Called Strike 1-1: Ball 2-1: Ball 3-1: SINGLE (Line Drive, 4M)
|
Batting: RHB Pepe Castroneves
|
0-0: Ball 1-0: Called Strike 1-1: Foul Ball, location: 2F 1-2: Ball Wild Pitch! Daniel Maldonado to second 2-2: Ball 3-2: 2-RUN HOME RUN (Flyball, 7D), Distance : 416 ft
|
Pitching: RHP José Maestas
|
|
Batting: RHB Ronald Drumpf
|
0-0: Called Strike 0-1: Ball 1-1: Foul Ball, location: 2F 1-2: Strikes out swinging
|
Batting: SHB Jesús Herrera
|
0-0: Foul Ball, location: 2F 0-1: Ball 1-1: Ball 2-1: SINGLE (Line Drive, 6MD)
|
Batting: RHB Luis Trevino
|
0-0: Ball 1-0: Called Strike 1-1: Ball 2-1: Called Strike 2-2: Foul Ball, location: 2F 2-2: Strikes out swinging
|
Batting: RHB Carlos Evangelho
|
0-0: Ball 1-0: Ball 2-0: Ground out 4-3 (Groundball, 4)
|
Bottom of the 6th over - 2 run(s), 3 hit(s), 0 error(s), 1 left on base; Grand Forks 4 - Provo 3 |
TOP OF THE 7TH |
Grand Forks Caterpillars batting - Pitching for Provo Mango : RHP Ismael Robey
|
Batting: LHB Víctor Fortis
|
0-0: Called Strike 0-1: Ground out 4-3 (Groundball, 4)
|
Batting: RHB Salvador Esparza
|
0-0: Called Strike 0-1: Called Strike 0-2: Foul Ball, location: 2F 0-2: Ground out 6-3 (Groundball, 6)
|
Batting: LHB Damian Delaney
|
0-0: Ball 1-0: Fly out, F3 (Popup, 3SF)
|
Top of the 7th over - 0 run(s), 0 hit(s), 0 error(s), 0 left on base; Grand Forks 4 - Provo 3 |
BOTTOM OF THE 7TH |
Provo Mango batting - Pitching for Grand Forks Caterpillars : RHP José Maestas
|
Batting: RHB Frank Grimes
|
0-0: Called Strike 0-1: Ball 1-1: Fly out, F6 (Popup, 15)
|
Batting: RHB Lionel McCloud
|
0-0: Ball 1-0: Called Strike 1-1: Foul Ball, location: 2F 1-2: Strikes out swinging
|
Batting: SHB Pedro Vásquez
|
0-0: Foul Ball, location: 2F 0-1: Ground out U3 (Groundball, 3)
|
Bottom of the 7th over - 0 run(s), 0 hit(s), 0 error(s), 0 left on base; Grand Forks 4 - Provo 3 |
TOP OF THE 8TH |
Grand Forks Caterpillars batting - Pitching for Provo Mango : RHP Ismael Robey
|
Batting: RHB Gianpaolo Monachino
|
0-0: Foul Ball, location: 2F 0-1: Ball 1-1: Ball 2-1: Foul Ball, location: 2F 2-2: Fly out, F8 (Flyball, 8LM)
|
Batting: LHB Júlio Castro
|
0-0: Called Strike 0-1: Ball 1-1: Ball 2-1: Called Strike 2-2: Strikes out swinging
|
Batting: LHB Todd Stafford
|
0-0: Called Strike 0-1: Ball 1-1: Swinging Strike 1-2: Ball 2-2: Foul Ball, location: 2F 2-2: Strikes out swinging
|
Top of the 8th over - 0 run(s), 0 hit(s), 0 error(s), 0 left on base; Grand Forks 4 - Provo 3 |
BOTTOM OF THE 8TH |
Provo Mango batting - Pitching for Grand Forks Caterpillars : RHP José Maestas
|
Now at 3B: Warner Lewis
|
|
Batting: RHB Daniel Maldonado
|
0-0: Ball 1-0: Ground out 6-3 (Groundball, 6MS)
|
Batting: RHB Pepe Castroneves
|
0-0: Called Strike 0-1: Ball 1-1: Called Strike 1-2: Foul Ball, location: 2F 1-2: Ball 2-2: Strikes out looking
|
Batting: RHB Ronald Drumpf
|
0-0: Ball 1-0: Ball 2-0: Swinging Strike 2-1: Foul Ball, location: 2F 2-2: Ball 3-2: Fly out, F3 (Line Drive, 3)
|
Bottom of the 8th over - 0 run(s), 0 hit(s), 0 error(s), 0 left on base; Grand Forks 4 - Provo 3 |
TOP OF THE 9TH |
Grand Forks Caterpillars batting - Pitching for Provo Mango : RHP Ismael Robey
|
Batting: RHB Carlos Romero
|
0-0: SINGLE (Groundball, 34D) (infield hit)
|
Pinch Hitting: LHB Javier Antonio
|
0-0: Foul Ball, location: 2F 0-1: Foul Ball, location: 2F 0-2: Ball 1-2: Fly out, F7 (Flyball, 7LMF)
|
Pinch Hitting: LHB Rubén Ruíz
|
0-0: Called Strike 0-1: Swinging Strike 0-2: Ball 1-2: Foul Ball, location: 2F 1-2: Foul Ball, location: 2F 1-2: Strikes out looking
|
Pitching: LHP James Atkinson
|
|
Pinch Hitting: SHB Carroll Kline
|
0-0: Swinging Strike 0-1: Foul Ball, location: 2F 0-2: Foul Ball, location: 2F 0-2: Fly out, F8 (Flyball, 8RM)
|
Top of the 9th over - 0 run(s), 1 hit(s), 0 error(s), 1 left on base; Grand Forks 4 - Provo 3 |
BOTTOM OF THE 9TH |
Provo Mango batting - Pitching for Grand Forks Caterpillars : RHP José Maestas
|
Pitching: LHP Anaías Pedroza
|
|
Now at C: Felipe Cuevas
|
|
Now at 1B: Carroll Kline
|
|
Now at SS: Santiago Reyes
|
|
Pinch Hitting: RHB John Moss
|
0-0: Called Strike 0-1: SINGLE (Flyball, 8LS)
|
Pinch Runner at 1st Felipe Córdova:
|
|
Batting: RHB Luis Trevino
|
0-0: Ball 1-0: Called Strike 1-1: Ball 2-1: Foul Ball, location: 2F 2-2: Foul Ball, location: 2F 2-2: Ball 3-2: Strikes out swinging
|
Pinch Hitting: RHB Jordan Hollins
|
0-0: Ball 1-0: Ball 2-0: Ground out U3 (Groundball, 3S) Felipe Córdova to second
|
Batting: RHB Frank Grimes
|
0-0: Ball 1-0: Ground out 3-1 (Groundball, 3)
|
Bottom of the 9th over - 0 run(s), 1 hit(s), 0 error(s), 1 left on base; Grand Forks 4 - Provo 3 |
|